AoeStats
← 鄙人張麻子

African Clearing

503952013Analyzed
4v4 RM · 1mo ago on Sep 3, 2026· 31m 43s· 8 players
Game mode
Random Map
Map size
Large (8 player)
Population
200
Speed
Normal
Resources
Standard
Victory
Conquest
Starting age
Dark Age
Ending age
Imperial Age
RankedLock teamsTeams togetherTeam positionsShared explorationLock speedFull tech treeHidden civsTurbo modeCheats
Victory
Defeat
🇹🇼 Vietnamese · Taiwan
1178
+13
🇭🇰 Persians · Hong Kong SAR China
1166
+13
🇨🇳 Khitans · China
1124
+15
🇹🇼 Slavs · Taiwan
1104
+16
🇨🇳 Huns · China
1171
-16
🇹🇷 Burgundians · Türkiye
1158
-16
🇨🇳 Mongols · China
1097
-14
🇨🇳 Franks · China
1021
-11
heichan000002
14:42 Feudal Age
12:59 Loom
18:41 Castle Age
18:11 Double-Bit Axe
18:57 Stone Mining
19:28 Bow Saw
23:51 Town Watch
28:36 Fletching
很蓝的啦
4:33 Loom
5:16 Loom
12:42 Feudal Age
13:15 Double-Bit Axe
14:41 Town Watch
15:55 Domestication
17:12 Forging
17:54 Scale Barding Armor
18:34 Gold Mining
23:27 Castle Age
24:02 Light Cavalry
24:42 Husbandry
26:50 Husbandry
28:06 Iron Casting
28:10 Stone Mining
bbu913
3:12 Loom
13:44 Feudal Age
15:04 Double-Bit Axe
20:10 Castle Age
19:08 Horse Collar
26:45 Bow Saw
28:00 Town Watch
30:01 Wheelbarrow
30:52 Gold Mining
31:36 Scale Barding Armor
32:38 Chain Barding Armor
鄙人張麻子
12:05 Feudal Age
13:30 Double-Bit Axe
15:05 Fletching
15:21 Loom
17:30 Horse Collar
20:04 Wheelbarrow
24:59 Castle Age
24:06 Gold Mining
25:07 Padded Archer Armor
25:37 Scale Mail Armor
25:13 Crossbowman
25:51 Bodkin Arrow
26:00 Scale Mail Armor
25:24 Pikeman
26:22 Bow Saw
28:09 Town Watch
KaraTerzi9080
5:29 Loom
12:59 Feudal Age
24:31 Castle Age
23:29 Double-Bit Axe
25:45 Wheelbarrow
25:34 Husbandry
27:05 Cavalier
diudiudiu丶
3:57 Loom
13:49 Feudal Age
17:42 Castle Age
15:30 Double-Bit Axe
16:55 Wheelbarrow
16:26 Stone Mining
23:54 Fletching
24:42 Padded Archer Armor
27:49 Ballistics
27:36 Scale Barding Armor
不知天上水
5:50 Loom
15:05 Feudal Age
16:30 Double-Bit Axe
29:28 Scale Barding Armor
33:17 Castle Age
老k
5:31 Loom
13:43 Feudal Age
18:08 Castle Age
16:16 Double-Bit Axe
16:14 Horse Collar
17:07 Town Watch
19:19 Wheelbarrow
19:22 Bow Saw
20:08 Heavy Plow
30:01 Scale Barding Armor
30:38 Gold Mining
Connection lost

Rejoining the realm…

Still unreachable

The connection could not be restored.

Session expired

The server has moved on; the page needs a fresh start.